AoeStats
← arthur810416

Arabia

509849565Analyzed
4v4 RM · 4d ago on Sep 28, 2026· 26m 49s· 8 players
Game mode
Random Map
Map size
Large (8 player)
Population
200
Speed
Normal
Resources
Standard
Victory
Conquest
Starting age
Dark Age
Ending age
Imperial Age
RankedLock teamsTeams togetherTeam positionsShared explorationLock speedFull tech treeHidden civsTurbo modeCheats
Victory
Defeat
🇨🇳 Saxons · China
1140
+12
🇨🇳 Lithuanians · China
1139
+12
🇨🇳 Magyars · China
1110
+14
🇹🇼 Varangians · Taiwan
1082
+15
🇹🇼 Khmer · Taiwan
1144
-17
🇦🇺 Mongols · Australia
1061
-13
🇮🇳 Cumans · India
1018
-12
🇧🇪 Vietnamese · Belgium
1001
-11
WilliamWei
4:17 Loom
12:42 Feudal Age
12:48 Man-at-Arms
13:56 Double-Bit Axe
14:32 Arson
17:23 Horse Collar
25:59 Castle Age
花开未相随
6:37 Loom
9:35 Feudal Age
15:40 Horse Collar
23:19 Castle Age
22:58 Scale Barding Armor
22:56 Gold Mining
23:25 Bloodlines
24:03 Husbandry
25:01 Wheelbarrow
25:52 Heavy Plow
25:52 Double-Bit Axe
26:59 Chain Barding Armor
小尚
6:18 Loom
9:25 Feudal Age
10:41 Double-Bit Axe
12:04 Horse Collar
18:02 Scale Barding Armor
18:30 Forging
24:33 Castle Age
22:35 Gold Mining
24:34 Bloodlines
25:39 Chain Barding Armor
25:45 Bow Saw
27:08 Husbandry
zijing
6:01 Loom
9:36 Feudal Age
11:08 Double-Bit Axe
13:55 Fletching
14:40 Horse Collar
20:40 Castle Age
19:44 Padded Archer Armor
20:02 Gold Mining
21:01 Crossbowman
22:24 Wheelbarrow
22:05 Bodkin Arrow
arthur810416
7:12 Loom
9:21 Feudal Age
16:42 Bloodlines
16:44 Double-Bit Axe
22:58 Forging
br0wn3y3s
5:26 Loom
12:48 Feudal Age
14:05 Double-Bit Axe
15:58 Town Watch
kwik
7:42 Loom
10:07 Feudal Age
10:44 Double-Bit Axe
10:42 Horse Collar
18:00 Wheelbarrow
22:17 Castle Age
20:32 Gold Mining
21:29 Scale Barding Armor
21:36 Forging
21:42 Bloodlines
21:52 Town Watch
24:29 Chain Barding Armor
24:46 Iron Casting
25:06 Bow Saw
24:59 Heavy Plow
JebusLorenzo
10:12 Feudal Age
16:45 Castle Age
18:24 Fletching
20:12 Crossbowman
22:05 Bodkin Arrow
22:38 Elite Skirmisher
Connection lost

Rejoining the realm…

Still unreachable

The connection could not be restored.

Session expired

The server has moved on; the page needs a fresh start.